 Dungeon Crawl Stone Soup version 0.23-a0-130-g0e7800e (webtiles) character file.

374 roguesci the Ducker (level 6, -1/47 HPs)
             Began as a Demonspawn Gladiator on Aug 27, 2018.
             Killed by divine providence
             ... invoked by an orc priest
              (13 damage)
             ... on level 4 of the Dungeon.
             The game lasted 00:11:33 (4198 turns).

roguesci the Ducker (Demonspawn Gladiator)          Turns: 4198, Time: 00:11:35

Health: -1/47      AC: 10    Str: 14    XL:     6   Next: 43%
Magic:  9/9        EV: 14    Int: 11    God:
Gold:   88         SH:  0    Dex: 17    Spells: 9/9 levels left

rFire    . . .     SeeInvis .   a - +0 war axe
rCold    + . .     Gourm    .   (no shield)
rNeg     . . .     Faith    .   b - +0 leather armour
rPois    .         Spirit   .   c - +0 helmet
rElec    .         Reflect  .   q - +0 cloak
rCorr    +         Harm     .   (no gloves)
MR       .....                  (no boots)
Stlth    ++........             (no amulet)
HPRegen  0.15/turn              e - +5 ring of protection
MPRegen  0.11/turn              i - ring of resist corrosion

@: hasted, very quick
A: talons 1, thin skeletal structure 1, cold resistance 1, freezing cloud
immunity
a: no special abilities


You were on level 4 of the Dungeon.
You were not hungry.

You visited 1 branch of the dungeon, and saw 4 of its levels.

You collected 88 gold pieces.

Inventory:

Hand Weapons
 a - a +0 war axe (weapon)
 u - the +1 hand axe of Twilight {freeze, Str+2, unknown}
   (You found it on level 4 of the Dungeon)

   It has been specially enchanted to freeze those struck by it, causing extra
   injury to most foes and up to half again as much damage against particularly
   susceptible opponents.
   It can also slow down cold-blooded creatures.
   It affects your strength (+2).
Missiles
 d - 2 throwing nets
 h - 89 stones (quivered)
Armour
 b - a +0 leather armour (worn)
 c - a +0 helmet (worn)
 q - a +0 cloak (worn)
Jewellery
 e - a +5 ring of protection (left hand)
 i - a ring of resist corrosion (right hand)
 t - an uncursed ring of protection from magic {unknown}
Scrolls
 g - 2 scrolls of remove curse
 k - 3 scrolls of magic mapping
 m - a scroll of identify
 n - a scroll of fog
 o - a scroll of noise {unknown}
 p - a scroll of immolation {unknown}
 r - a scroll of enchant weapon {unknown}
Potions
 j - a potion of berserk rage {unknown}
 l - a potion of haste
Comestibles
 f - 8 rations


   Skills:
 * Level 3.5 Fighting
 + Level 3.2 Axes
 - Level 1.7 Throwing
 * Level 2.5 Armour
 * Level 3.7 Dodging
 + Level 1.8 Stealth
 * Level 2.2 Spellcasting


You had 9 spell levels left.
You didn't know any spells.
Your spell library was empty.

Dungeon Overview and Level Annotations

Branches:
Dungeon (4/15)
 Temple: D:4-7

Altars:
Cheibriados
Fedhas
Kikubaaqudgha
Nemelex Xobeh
Vehumet

Annotations:
D:1 Terence


Innate Abilities, Weirdness & Mutations

You have sharp toenails.
You have a somewhat thin skeletal structure. (Dex +2, Stealth)
Your flesh is cold resistant. (rC+)
You are immune to freezing clouds.


Message History

The orc priest mumbles some strange prayers to Beogh against you.
Beogh smites you!
* * * LOW HITPOINT WARNING * * *
You feel better. The orc priest closely misses you.
You hit the orc priest but do no damage.
Your kick misses the orc priest.
The orc priest is moderately wounded.
The orc priest hits you but does no damage.
You closely miss the orc priest.
The orc priest is moderately wounded.
The orc priest misses you.
You barely miss the orc priest.
You claw the orc priest, but do no damage.
The orc priest is moderately wounded.
The orc priest closely misses you.
The orc priest hits you but does no damage.
It was a potion of haste.
You feel yourself speed up.
The orc priest invokes the aid of Beogh against you.
Beogh smites you!
You die...

.# #...# .##..)# .....#
....# ##.S.# ..###....#
....$..†.###########
...o....§#@........########
!....#...o#.######........#
#.......†.#.# ####.#.####..
#.$.....?.#.# #......# ##.
#.........#.# #......#####.
#......#+##.# #..###....##.
####+## #.# #..#...##.##.
#.###..#....#.##.
#.#(......_..[...


You could see an orc priest.

Vanquished Creatures
  A centaur (D:3)
  A hound (D:4)
  Crazy Yiuf (D:2)
  An orc wizard (D:4)
  A centaur skeleton (D:3)
  An iguana (D:4)
  5 adders
  An adder skeleton (D:4)
  2 worms
  5 dart slugs
  5 leopard geckos
  3 orcs
  A bat zombie (D:3)
  4 giant cockroaches
  9 goblins
  8 hobgoblins
  8 jackals
  3 ball pythons
  6 bats
  7 frilled lizards
  5 kobolds
  10 rats
88 creatures vanquished.

Notes
Turn   | Place    | Note
-------+----------+-------------------------------------------
     0 | D:1      | roguesci the Demonspawn Gladiator began the quest for the
                  | Orb.
     0 | D:1      | Reached XP level 1. HP: 16/16 MP: 1/1
    26 | D:1      | Gained mutation: Your flesh is cold resistant. (rC+)
                  | [demonic ancestry]
    26 | D:1      | Reached XP level 2. HP: 7/22 MP: 2/2
   656 | D:1      | Gained mutation: You have a somewhat thin skeletal
                  | structure. (Dex +2, Stealth) [demonic ancestry]
   656 | D:1      | Reached XP level 3. HP: 28/28 MP: 4/4
   725 | D:2      | Reached skill level 1 in Armour
   765 | D:2      | Reached skill level 1 in Spellcasting
  1275 | D:2      | Reached skill level 1 in Stealth
  1470 | D:2      | Gained mutation: You are immune to freezing clouds.
                  | [demonic ancestry]
  1470 | D:2      | Reached XP level 4. HP: 21/34 MP: 5/5
  1895 | D:2      | Found a runed door.
  1907 | D:2      | Noticed Crazy Yiuf
  1923 | D:2      | Killed Crazy Yiuf
  2076 | D:2      | Noticed Terence
  2883 | D:3      | Noticed a centaur
  2934 | D:3      | Killed a centaur
  2934 | D:3      | Reached XP level 5. HP: 23/41 MP: 7/7
  3339 | D:3      | Found a faded altar of an unknown god.
  3417 | D:3      | Found an ancient bone altar of Kikubaaqudgha.
  3464 | D:3      | Found a blossoming altar of Fedhas.
  3464 | D:3      | Found a radiant altar of Vehumet.
  3706 | D:3      | Found a snail-covered altar of Cheibriados.
  3782 | D:3      | Gained mutation: You have sharp toenails. [demonic
                  | ancestry]
  3782 | D:3      | Reached XP level 6. HP: 45/47 MP: 9/9
  3884 | D:2      | Found an ancient bone altar of Kikubaaqudgha.
  3931 | D:4      | Found a sparkling altar of Nemelex Xobeh.
  4174 | D:4      | Got a slimy hand axe
  4193 | D:4      | HP: 1/47 [orc priest/divine providence (16)]
  4198 | D:4      | Killed from afar by an orc priest

Vault maps used:
D:1:      eino_arrival_tree_alley
D:2:      lemuel_upstairs_altar, first_ration, uniq_terence,
          uniq_crazy_yiuf_cottage
D:3:      cheibriados_altar_1, chequers_temple_overflow_statue_of_worship,
          lemuel_zombie_altar_kikubaaqudgha, chequers_ecumenical_altar_island
D:4:      nicolae_overflow_crystal_walls, trog_three_pillars_becter,
          uniq_eustachio

Skill      XL: |  1  2  3  4  5 |
---------------+----------------+-----
Dodging        | 3 |  3.7
Armour         | 1 2 |  2.5
Spellcasting   | 1 2 |  2.2
Stealth        | 1 |  1.8
Axes           | 3 |  3.2
Fighting       | 3 |  3.5
Throwing       | |  1.7

Action                   |  1- 3 |  4- 6 || total
-------------------------+-------+-------++-------
Melee: War axe           |   141 |   135 ||   276
       Kick              |       |    11 ||    11
Throw: Throwing net      |     1 |     1 ||     2
       Stone             |       |     1 ||     1
  Use: Potion            |     2 |     4 ||     6
       Scroll            |       |     7 ||     7
 Stab: Sleeping          |     2 |     4 ||     6
  Eat: Ration            |     1 |     1 ||     2
       Chunk             |       |     4 ||     4
Armor: Leather armour    |    63 |    49 ||   112
Dodge: Dodged            |   130 |    94 ||   224

Table legend:
 A = Non-vault XP
 B = Vault XP
 C = Vault XP percentage of total XP
 D = Non-vault monster count
 E = Vault monster count
 F = Vault count percentage of total count
                 A         B        C        D         E       F
            +---------+---------+-------+---------+---------+-------
      Total |     493 |      42 |   7.9 |      86 |       2 |   2.3
            +---------+---------+-------+---------+---------+-------
        D:1 |      42 |       0 |   0.0 |      21 |       0 |   0.0
        D:2 |      88 |      40 |  31.2 |      31 |       1 |   3.1
        D:3 |     215 |       2 |   0.9 |      25 |       1 |   3.8
        D:4 |     148 |       0 |   0.0 |       9 |       0 |   0.0
            +---------+---------+-------+---------+---------+-------
